 Dungeon Crawl Stone Soup version 0.30.0-29-ga12c61a403 (webtiles) character file.

Game seed: 9937475483364760401

143447 CrazyMind the Severer (level 16, -2/222 HPs)
             Began as an Armataur Fighter on June 11, 2023.
             Was a High Priest of Trog.
             Slain by a guardian serpent (8 damage)
             ... on level 4 of the Snake Pit on June 18, 2023.
             The game lasted 03:05:20 (35447 turns).

CrazyMind the Severer (Armataur Fighter)           Turns: 35447, Time: 03:05:20

Health: -2/222     AC: 22    Str: 28    XL:     16   Next: 82%
Magic:  16/16      EV:  5    Int: 19    God:    Trog [*****.]
Gold:   1713       SH:  6    Dex:  5    Spells: 15/15 levels left

rFire   . . .        L - +5 broad axe (flame)
rCold   . . .        W - +1 buckler {AC+3}
rNeg    + . .        I - +4 chain mail
rPois   +            l - +0 helmet {SInv}
rElec   .            S - scarf "Sogamal" {repulsion, rN+ Int+9 Dex-5 SInv}
rCorr   .            m - +0 pair of gloves
SInv    +            (no barding)
Will    ++...        c - amulet of regeneration Stlth
                     k - ring of poison resistance
HPRegen 1.37/turn    r - ring of willpower
MPRegen 0.15/turn

%: repel missiles, roll
@: berserking, lethally poisoned (-2 -> -4), weakened, constricted, very quick
A: large, rugged brown scales 3, deformed body, armoured tail, roll, long
tongue, awkward tongue
a: Renounce Religion, Berserk, Trog's Hand, Brothers in Arms


You were on level 4 of the Snake Pit.
You worshipped Trog.
Trog was extremely pleased with you.
You visited 4 branches of the dungeon, and saw 25 of its levels.
You also visited: Volcano.

You collected 2317 gold pieces.
You spent 604 gold pieces at shops.

Inventory:

Hand Weapons
 L - a +5 broad axe of flaming (weapon)
Missiles
 b - 3 atropa-tipped darts
 u - 6 curare-tipped darts
 z - 26 poisoned darts
 F - 2 boomerangs (quivered)
Armour
 l - a +0 helmet of see invisible (worn)
 m - a +0 pair of gloves (worn)
 I - a +4 chain mail (worn)
 P - a +0 kite shield
 S - the scarf "Sogamal" (worn) {repulsion, rN+ Int+9 Dex-5 SInv}
   (You found it on level 1 of the Lair of Beasts)

   Int:       It affects your intelligence (+9).
   Dex:       It affects your dexterity (-5).
   rN:        It protects you from negative energy.
   SInv:      It lets you see invisible.
 W - a +1 buckler of protection (worn)
Jewellery
 c - an amulet of regeneration (around neck)
 k - a ring of poison resistance (left hand)
 o - a ring of flight
 r - a ring of willpower (right hand)
 s - a ring of resist corrosion
 v - a ring of protection from cold
 K - the ring of Ikhlegoiga {+Blink Int+6 Stlth+}
   (You found it on level 5 of the Lair of Beasts)

   [ring of intelligence]

   Int:       It affects your intelligence (+6).
   +Blink:    It lets you blink.
   Stlth:     It makes you more stealthy.
 Q - a ring of positive energy
Wands
 e - a wand of paralysis (19)
 n - a wand of flame (67)
 y - a wand of polymorph (2)
 J - a wand of iceblast (16)
 M - a wand of light (7)
 O - a wand of mindburst (23)
Scrolls
 d - a scroll of fog
 g - 5 scrolls of poison
 h - 5 scrolls of vulnerability
 i - 4 scrolls of torment
 q - 12 scrolls of teleportation
 C - 2 scrolls of immolation
 V - 10 scrolls of identify
 Y - a scroll of blinking
Potions
 f - 6 potions of attraction
 j - 6 potions of ambrosia
 p - 5 potions of magic
 t - a potion of cancellation
 w - 4 potions of flight
 x - a potion of invisibility
 A - 3 potions of might
 B - 4 potions of berserk rage
 D - a potion of resistance
 E - 5 potions of haste
 H - 5 potions of lignification
 X - 4 potions of curing
 Z - 2 potions of mutation
Miscellaneous
 a - a lightning rod (4/4)
 G - a condenser vane
 N - a phantom mirror
 R - a box of beasts
 T - a phial of floods


   Skills:
 + Level 12.2 Fighting
 + Level 17.0 Axes
 + Level 5.6 Throwing
 + Level 14.8 Armour
 + Level 4.5 Dodging
 - Level 2.0 Stealth
 * Level 10.4 Shields
 * Level 10.5 Evocations


You had 15 spell levels left.
You didn't know any spells.
Your spell library was empty.

Dungeon Overview and Level Annotations

Branches:
Dungeon (15/15) Zot: 25474  Temple (1/1) D:6 Zot: 5998    Lair (5/5) D:11 Zot: 18804
 Shoals (0/4) Lair:3        Snake (4/4) Lair:3 Zot: 19924   Slime (0/5) Lair:4
    Orc (0/2) D:12         Vaults (0/5) D:13         Depths (0/4) D:15
Volcano (visited)

Altars:
Ashenzari
Cheibriados
Dithmenos
Elyvilon
Fedhas
Gozag
Hepliaklqana
Kikubaaqudgha
Makhleb
Nemelex Xobeh
Okawaru
Qazlal
Ru
Sif Muna
Trog
Uskayaw
Vehumet
Wu Jian
Xom
Yredelemnul
Zin
The Shining One
Jiyva
Lugonu

Shops:
D:2 [   Snake:2 :

Portals:
Abyss: Lair:5

Annotations:
D:6 3 runed translucent doors, purpleHaze's ghost, novice HuHu


Innate Abilities, Weirdness & Mutations

You are completely covered in rugged brown scales. (AC +3, +7% HP)
Armour fits poorly on your strangely shaped body.
You have a long armoured tail.
You roll when moving toward enemies. (Rampage)
Your long tongue fully drains potion bottles. (2x potion effects)
Your tongue gives you trouble enunciating. (1.5x scroll delay)


Message History

You closely miss the guardian serpent. You hit the naga sharpshooter.
You burn the naga sharpshooter.
You feel sick.
* * * LOW HITPOINT WARNING * * *
The guardian serpent hits you.
* * * LOW HITPOINT WARNING * * *
A salamander comes into view.
The naga warrior hits you with a +0 battleaxe.
* * * LOW HITPOINT WARNING * * *
The naga hits you but does no damage. The naga constricts you.
The naga sharpshooter unwields a +0 hand axe.
The naga sharpshooter wields a +0 shortbow.
The naga sharpshooter shoots an arrow.
The arrow hits you!
* * * LOW HITPOINT WARNING * * *
Unknown command.
You hit the naga. You burn the naga.
The naga is almost dead.
You slash the salamander!
You closely miss the guardian serpent. x2
You slash the naga sharpshooter! You burn the naga sharpshooter.
You slash the naga warrior! You burn the naga warrior.
You feel sick.
You block the guardian serpent's attack.
The guardian serpent hits you!
* * * LOW HITPOINT WARNING * * *
The salamander hits you but does no damage.
You block the naga warrior's attack.
Unknown command.
You barely miss the naga.
Your tail-slap misses the naga.
The naga is almost dead.
You closely miss the guardian serpent. You slash the naga sharpshooter!
You burn the naga sharpshooter. You barely miss the naga warrior.
You hit the salamander. You hit the guardian serpent.
You burn the guardian serpent.
You feel sick.
An anaconda comes into view.
You block the guardian serpent's attack.
An anaconda comes into view.
The naga closely misses you. The naga constricts you.
* * * LOW HITPOINT WARNING * * *
The naga sharpshooter shoots an arrow.
The arrow hits you!
* * * LOW HITPOINT WARNING * * *
The guardian serpent hits you!
You die...

.##..## #..#...#..## .##...# ..SS
##.....##..## .##...## ...N
####......##..## ##..(..###.S..
#..#.......##..#
##.......##.N.####...........##..
##.......#.......##...........##.
##..#....##.......###..........##
....##....####.SSN.##....#......#
....##.......###@N..#....##......
....##.########SNN..#.....#......
....####...........##.....##.....
....##...........###....#...#....
...##....######### ###..###.#'#.#
...##...........## ##..##=8.#.#
_...##...........######.###...###
.....#######).)..##...###.......#
...)..##.#####).......##.........


You could see a naga warrior (catching breath), 2 naga sharpshooters, 2
salamanders, 3 anacondas, 2 guardian serpents, a black mamba and a naga.

Vanquished Creatures
  Nikola (Snake:1)
  Asterion (Snake:1)
  Mlioglotl (Snake:1)
  A nagaraja (Snake:1)
  A dire elephant (D:15)
  A great orb of eyes (D:12)
  4 vault guards (D:13)
  3 salamander tyrants (Snake:4)
  A rakshasa (D:14)
  6 centaur warriors
  7 hydras
  2 catoblepae
  6 anacondas
  5 boulder beetles
  8 naga warriors
  2 two-headed ogres
  A tengu warrior (D:12)
  14 death yaks
  2 thrashing horrors (Lair:5)
  5 naga sharpshooters
  5 shock serpents
  Nergalle (Lair:3)
  4 salamander mystics
  8 skeletal warriors
  5 naga ritualists
  Pikel (D:5)
  2 lindwurms (Volcano)
  2 orc knights
  15 ugly things
  An orc sorcerer (D:13)
  5 mana vipers
  7 manticores
  13 salamanders
  A slime creature (D:15)
  10 elephants
  7 cyclopes
  A manticore (shapeshifter) (D:15)
  34 black mambas
  A torpor snail (Lair:4)
  A guardian serpent (Snake:3)
  12 naga magi
  4 smoke demons (Lair:5)
  Maggie (D:8)
  10 cane toads
  5 molten gargoyles (Volcano)
  A cane toad (shapeshifter) (D:12)
  3 gargoyles
  2 unseen horrors
  A rime drake (shapeshifter) (D:14)
  3 rime drakes
  10 komodo dragons
  2 ancient zymes (Lair:5)
  A yaktaur (D:15)
  Psyche (D:8)
  4 tengu conjurers
  2 efreet (Volcano)
  A meliai (shapeshifter) (D:15)
  A queen bee (shapeshifter) (D:13)
  3 trolls
  2 polar bears
  4 large abominations (Lair:5)
  A raiju (shapeshifter) (D:13)
  24 blink frogs
  Sigmund (D:4)
  5 vampires
  6 water elementals
  2 wyverns
  6 wraiths
  38 yaks
  5 basilisks
  3 fire elementals (Volcano)
  2 steam dragons
  2 chaos spawn (Lair:5)
  A warg (shapeshifter) (D:11)
  Menkaure (D:5)
  26 nagas
  14 vampire mosquitoes
  A harpy simulacrum (D:15)
  2 acid dragons
  13 water moccasins
  9 orc warriors
  A black bear (shapeshifter) (D:14)
  3 ogres (D:6)
  12 wolves
  17 centaurs
  4 phantoms
  A lemure (D:5)
  An earth elemental (Volcano)
  7 bullfrogs
  4 gnoll sergeants
  9 small abominations (Lair:5)
  A scorpion (D:11)
  4 wights (D:9)
  A hornet simulacrum (D:14)
  10 killer bees
  2 electric eels (D:15)
  9 howler monkeys
  4 hounds
  3 jellies
  5 orc priests
  Crazy Yiuf (D:7)
  3 iguanas
  A sleepcap (D:7)
  18 orc wizards
  14 gnolls
  4 adders
  2 shadow imps
  A worm (D:2)
  A dart slug (D:2)
  36 orcs
  2 endoplasms (D:4)
  A giant cockroach (D:3)
  4 goblins
  12 hobgoblins
  2 quokkas
  9 ball pythons
  2 bats (D:2)
  4 frilled lizards
  12 kobolds
  3 rats
  4 fire vortices (Volcano)
  A spectral weapon (Snake:1)
666 creatures vanquished.

Vanquished Creatures (collateral kills)
  A hydra (D:12)
  A deep elf pyromancer (D:12)
  A cane toad (Lair:3)
  A yaktaur (D:12)
  A troll (D:11)
  A blink frog (Lair:4)
  An electric eel (D:11)
7 creatures vanquished.

Vanquished Creatures (others)
  A salamander (Snake:1)
  2 nagas
  A fire vortex (Volcano)
4 creatures vanquished.

Grand Total: 677 creatures vanquished

Notes
Turn   | Place    | Note
-------+----------+-------------------------------------------
     0 | D:1      | CrazyMind the Armataur Fighter began the quest for the Orb.
     0 | D:1      | Reached XP level 1. HP: 19/19 MP: 1/1
   346 | D:1      | Reached XP level 2. HP: 26/26 MP: 2/2
   696 | D:2      | Reached skill level 2 in Axes
   739 | D:2      | Found Ycsuk's Antique Armour Shop.
   767 | D:2      | Reached XP level 3. HP: 33/33 MP: 3/3
  1213 | D:3      | Found a faded altar of an unknown god.
  1731 | D:4      | Reached skill level 3 in Axes
  1731 | D:4      | Reached XP level 4. HP: 36/40 MP: 4/4
  1749 | D:4      | Noticed Sigmund
  2019 | D:4      | Found a hazy altar of Hepliaklqana.
  2019 | D:4      | Found a basalt altar of Yredelemnul.
  2022 | D:4      | Found a bloodstained altar of Trog.
  2027 | D:4      | Became a worshipper of Trog the Wrathful
  2117 | D:5      | Entered Level 5 of the Dungeon
  2179 | D:5      | Reached XP level 5. HP: 40/48 MP: 5/5
  2204 | D:5      | Noticed Menkaure
  2216 | D:5      | Killed Menkaure
  2217 | D:5      | Reached skill level 4 in Axes
  2217 | D:5      | Reached XP level 6. HP: 54/54 MP: 6/6
  2592 | D:5      | Reached skill level 5 in Armour
  2778 | D:5      | Noticed Pikel
  2899 | D:4      | Reached XP level 7. HP: 42/60 MP: 7/7
  3023 | D:6      | Reached skill level 5 in Axes
  3117 | D:6      | Noticed a steam dragon
  3430 | D:6      | Reached * piety under Trog
  3652 | D:6      | Reached skill level 1 in Dodging
  3816 | D:6      | Found a staircase to the Ecumenical Temple.
  3823 | Temple   | Entered the Ecumenical Temple
  4058 | D:6      | Found a runed translucent gate.
  4058 | D:6      | Found a runed translucent gate.
  4059 | D:6      | Found a runed translucent gate.
  4059 | D:6      | Noticed purpleHaze's ghost (novice HuHu)
  4074 | D:6      | Identified the +11 chain mail of the Iron City of Dis {rN+
                  | Str+6}
  4410 | D:6      | Reached skill level 6 in Axes
  4410 | D:6      | Reached XP level 8. HP: 70/70 MP: 8/8
  4557 | D:6      | Reached skill level 7 in Axes
  5226 | D:4      | Killed Sigmund
  5719 | D:5      | Reached XP level 9. HP: 72/77 MP: 9/9
  5970 | D:5      | Killed Pikel
  5971 | D:5      | Reached skill level 8 in Axes
  6252 | D:7      | Reached skill level 1 in Stealth
  6452 | D:7      | Found a runed translucent door.
  6453 | D:7      | Noticed Crazy Yiuf
  6731 | D:7      | Killed Crazy Yiuf
  6808 | D:7      | Reached ** piety under Trog
  7459 | D:8      | Reached skill level 9 in Axes
  7464 | D:8      | Reached skill level 1 in Throwing
  7558 | D:8      | Noticed Psyche
  7569 | D:8      | Killed Psyche
  7611 | D:8      | Noticed Maggie
  7722 | D:8      | Noticed a two-headed ogre
  7751 | D:8      | Killed a two-headed ogre
  7752 | D:8      | Reached skill level 5 in Fighting
  7752 | D:8      | Reached XP level 10. HP: 86/86 MP: 10/10
  8247 | D:8      | Reached skill level 10 in Axes
  8649 | D:8      | Killed Maggie
  8964 | D:9      | Found an ornate altar of the Wu Jian Council.
 10026 | D:10     | Entered Level 10 of the Dungeon
 10600 | D:9      | Reached skill level 11 in Axes
 10820 | D:10     | Identified the +0 chain mail of Dueqe {Int+7 SInv}
 11072 | D:11     | Reached *** piety under Trog
 11176 | D:11     | Reached XP level 11. HP: 24/95 MP: 11/11
 11195 | D:11     | Reached skill level 5 in Shields
 11413 | D:11     | You are sucked into a shaft and drop 2 floors!
 11445 | D:13     | Noticed a centaur warrior
 11459 | D:13     | Killed a centaur warrior
 11473 | D:13     | Reached skill level 1 in Evocations
 11863 | D:13     | Noticed an orc knight
 11864 | D:13     | Identified the +1 ring mail of the Lizard {rF++ Str+6
                  | Stlth-}
 11911 | D:13     | Noticed a skeletal warrior
 11935 | D:13     | Killed a skeletal warrior
 11960 | D:13     | Noticed a skeletal warrior
 11980 | D:13     | Killed a skeletal warrior
 11981 | D:13     | Reached skill level 12 in Axes
 12150 | D:12     | Noticed a boulder beetle
 12162 | D:12     | Killed a boulder beetle
 12305 | D:12     | Noticed a centaur warrior
 12311 | D:12     | Killed a centaur warrior
 12312 | D:12     | Reached skill level 10 in Armour
 12466 | D:12     | Noticed a green ugly thing
 12737 | D:2      | Bought a shiny ring mail for 217 gold pieces
 12737 | D:2      | Bought a shiny helmet for 232 gold pieces
 12737 | D:2      | Bought a runed leather armour for 155 gold pieces
 13325 | D:11     | Found a staircase to the Lair.
 13771 | Lair:1   | Entered Level 1 of the Lair of Beasts
 13774 | Lair:1   | Identified the scarf "Sogamal" {repulsion, rN+ Int+9 Dex-5
                  | SInv}
 13813 | Lair:1   | Reached XP level 12. HP: 83/103 MP: 12/12
 13954 | Lair:1   | Reached skill level 13 in Axes
 14096 | Lair:1   | Found a transporter.
 14098 | Lair:1   | Found a transporter.
 14100 | Lair:1   | Noticed a boulder beetle
 14598 | Lair:1   | Reached **** piety under Trog
 15556 | Lair:1   | Killed a boulder beetle
 15889 | Lair:2   | Reached skill level 14 in Axes
 17066 | Lair:2   | Identified the +1 leather armour "Gotaqal" {rC+ Regen+}
 17247 | Lair:3   | Reached XP level 13. HP: 112/112 MP: 13/13
 17319 | Lair:3   | Found a dark tunnel.
 17338 | Volcano  | Entered a volcano
 18449 | Lair:3   | Found a staircase to the Snake Pit.
 18451 | Lair:3   | Noticed Nergalle
 18727 | Lair:3   | Identified the +5 chain mail "Xohogh" {rN+ rCorr Str-4
                  | Int+3}
 18952 | Lair:3   | Found a staircase to the Shoals.
 19486 | Lair:3   | Killed Nergalle
 20830 | Lair:3   | Reached skill level 15 in Axes
 21225 | Lair:4   | Found a viscous altar of Jiyva.
 21226 | Lair:4   | Found a staircase to the Slime Pits.
 21973 | Lair:5   | Entered Level 5 of the Lair of Beasts
 22373 | Lair:5   | Reached skill level 5 in Evocations
 22490 | Lair:5   | Reached XP level 14. HP: 95/124 MP: 14/14
 24604 | Lair:5   | Identified the ring of Ikhlegoiga {+Blink Int+6 Stlth+}
 24737 | Lair:5   | Reached skill level 5 in Throwing
 25435 | Lair:5   | Found a corrupted altar of Lugonu.
 25435 | Lair:5   | Found a one-way gate to the infinite horrors of the Abyss.
 26187 | D:12     | Paralysed by a great orb of eyes for 3 turns
 26629 | D:12     | Found a staircase to the Orcish Mines.
 26673 | D:12     | Found a radiant altar of Vehumet.
 26699 | D:12     | Reached skill level 16 in Axes
 26795 | D:12     | Identified the +8 war axe of Uda Siu {flame, Dex+4}
 27349 | D:13     | Reached skill level 10 in Fighting
 27406 | D:13     | Identified the +6 hand axe of the Beginning {flame, rPois
                  | Will- Int+4}
 27686 | D:13     | Reached XP level 15. HP: 112/134 MP: 15/15
 28012 | D:13     | Found a gate to the Vaults.
 28701 | D:14     | Reached ***** piety under Trog
 29426 | D:15     | Entered Level 15 of the Dungeon
 29499 | D:15     | Found a staircase to the Depths.
 30077 | D:15     | Found an iron altar of Okawaru.
 31036 | Snake:1  | Entered Level 1 of the Snake Pit
 31037 | Snake:1  | Noticed Nikola
 31039 | Snake:1  | Noticed a nagaraja
 31100 | Snake:1  | Killed a nagaraja
 31269 | Snake:1  | Killed Nikola
 31339 | Snake:1  | Noticed Mlioglotl
 31362 | Snake:1  | Killed Mlioglotl
 31634 | Snake:1  | Identified the +2 chain mail of Filigreed Happiness {Dex+3}
 31726 | Snake:1  | Reached XP level 16. HP: 139/147 MP: 10/16
 31841 | Snake:1  | Noticed Asterion
 31879 | Snake:1  | Killed Asterion
 32348 | Snake:2  | You fall into a shaft and drop 1 floor!
 32568 | Snake:3  | Identified the +11 rapier of Fedhas's Hope {vamp, rC+ Will+
                  | Int+3 SInv}
 32596 | Snake:3  | Received a gift from Trog
 32981 | Snake:2  | Found Dabbid's Book Emporium.
 33761 | Snake:3  | Reached skill level 10 in Evocations
 34278 | Snake:4  | Entered Level 4 of the Snake Pit
 34421 | Snake:4  | Reached skill level 10 in Shields
 34831 | Snake:4  | Found a burning altar of Makhleb.
 35115 | Snake:4  | Reached skill level 17 in Axes
 35397 | Snake:4  | Received a gift from Trog
 35447 | Snake:4  | HP: 6/222 [naga sharpshooter/arrow (10)]
 35447 | Snake:4  | Slain by a guardian serpent

Illustrated notes

Levels and vault maps discovered:
D:1:      minmay_arrival_diagonal_passages, layout_basic,
          corexii_hall_statues_l, hangedman_abyss_or_decor_stabs, minivault_23
D:2:      layout_rooms, serial_shops, shop
D:3:      layout_basic, shapermc_ecumenical_altar_flowoftime
D:4:      cheibrodos_pilgrimage, layout_basic, minitemple, uniq_sigmund
D:5:      layout_basic, uniq_pikel, uniq_menkaure
D:6:      kennysheep_housing_project, layout_basic, minmay_temple_entry_hall,
          biasface_ghost_orc_armoury
D:7:      layout_layer_cave, feat_on_display, uniq_crazy_yiuf_cottage
D:8:      minmay_spotlight, layout_basic, minmay_gold_behind_fungi, uniq_psyche,
          uniq_maggie
D:9:      layout_loops_ring, nicolae_wu_jian_immortal_techniques, minivault_4
D:10:     layout_loops_ring
D:11:     layout_long_grid, grunt_lair_entry_orc_guard_hut,
          portal_ice_cave_rime, serial_bayou_ford_a, nicolae_water_bricks,
          kb_lookout_dungeons_type
D:12:     hangedman_cross_cluster, layout_cave_pods
D:13:     layout_basic, grunt_vaults_entry_fortified, minivault_21,
          nicolae_underground_beach
D:14:     layout_basic, nicolae_figureground_pulse,
          minmay_fractal_squares_diagonal_5
D:15:     hangedman_depths_entry_try_elsewhere_first, layout_basic,
          okawaru_trees_1
Temple:   nicolae_temple_no_exploring_needed
Lair:1:   gammafunk_boulding_lane, layout_cave_pods, minivault_11,
          serial_bayou_pond_d, minmay_hedge_maze, serial_bayou_lagoon_a,
          minivault_26
Lair:2:   layout_hall_layers
Lair:3:   layout_long_grid, minmay_shoals_entry_centaurs,
          guppyfry_snake_entry_island, enter_volcano_4, lemuel_old_faithful,
          lemuel_fruit_fields, uniq_nergalle
Lair:4:   layout_cave_shapes, slime_entry_1, infiniplex_staircase_pool_2
Lair:5:   hellmonk_lair_end_abyssal_woods, layout_misc_corridors,
          chequers_serial_rivers_micro_b, grunt_megastairs_4
Snake:1:  layout_misc_corridors, uniq_mlioglotl, uniq_nikola, uniq_asterion
Snake:2:  layout_layer_cave, serial_shops, nicolae_shop_rolling_square
Snake:3:  layout_honeycomb
Snake:4:  grunt_snake_rune_serpentine_throne, layout_onion, basic_altar,
          grunt_megastairs_5

Skill      XL: |  1  2  3  4  5  6  7  8  9 10 11 12 13 14 15 16 |
---------------+-------------------------------------------------+-----
Fighting       | 3 4 5 6 7 8 10 11 12 | 12.2
Axes           | 2 3 4 6 7 9 11 12 14 15 16 17 | 17.0
Armour         | 4 5 6 7 9 10 11 12 13 14 | 14.8
Shields        | 4 5 6 7 8 10 | 10.4
Dodging        | 1 2 3 4 |  4.5
Stealth        | 1 2 |  2.0
Throwing       | 1 2 3 4 5 |  5.6
Evocations     | 1 2 5 7 9 10 | 10.5

Action                     |  1- 3 |  4- 6 |  7- 9 | 10-12 | 13-15 | 16-18 || total
---------------------------+-------+-------+-------+-------+-------+-------++-------
  Melee: War axe           |   101 |    95 |   293 |   789 |  1405 |   154 ||  2837
         Tailslap          |    14 |     8 |    33 |   116 |   255 |    75 ||   501
         Whip              |       |       |       |       |    28 |       ||    28
         Broad axe         |       |       |       |       |       |   298 ||   298
  Throw: Boomerang         |       |       |     7 |    49 |   103 |     1 ||   160
         Dart              |       |       |     8 |    55 |    39 |       ||   102
 Invoke: Berserk           |       |       |     8 |    16 |    30 |     8 ||    62
         Trog's Hand       |       |       |     1 |     2 |     7 |     1 ||    11
         Brothers in Arms  |       |       |       |       |     2 |     1 ||     3
  Evoke: Wand              |       |     4 |     1 |     6 |     7 |       ||    18
         Box of beasts     |       |       |       |     1 |     3 |     1 ||     5
         Phial of floods   |       |       |       |       |     2 |       ||     2
    Use: Potion            |       |       |     2 |     8 |     6 |     2 ||    18
         Scroll            |       |       |     7 |    15 |     6 |     6 ||    34
   Stab: Distracted        |       |       |       |       |     1 |       ||     1
 Armour: Scale mail        |    34 |    30 |       |       |       |       ||    64
         Ring mail         |       |     4 |    81 |       |    25 |       ||   110
         Chain mail        |       |       |    20 |   389 |   586 |   138 ||  1133
         Skin              |       |       |       |    11 |       |       ||    11
  Dodge: Dodged            |    19 |    23 |    90 |   262 |   373 |   140 ||   907
         Repelled          |       |       |       |       |    11 |    18 ||    29
  Block: Buckler           |    12 |    20 |    45 |   141 |   238 |   102 ||   558
